 Dungeon Crawl Stone Soup version 0.30-a0-371-gad7725a93e (webtiles) character file.

Game seed: 4912112266227915978

122454 sanka the Spry (level 15, -1/141 HPs)
             Began as a Demigod Hexslinger on Nov 22, 2022.
             Slain by a spriggan rider
             ... wielding a +1 vorpal trident
              (11 damage)
             ... on level 5 of the Lair of Beasts.
             The game lasted 01:09:56 (27491 turns).

sanka the Spry (Demigod Hexslinger)                Turns: 27491, Time: 01:09:57

Health: -1/141     AC: 13    Str: 13    XL:     15   Next: 87%
Magic:  25/25      EV: 42    Int: 19    God:
Gold:   2670       SH:  0    Dex: 52    Spells: 14/22 levels left

rFire   + . .      SeeInvis +    a - +8 sling "Dezuzi" {vorpal, *Slow Int+4 Dex+6 Stlth+}
rCold   + + .      Faith    .    (no shield)
rNeg    . . .      Spirit   .    N - +2 robe {Will+}
rPois   .          Reflect  .    Y - +0 mask of the Dragon {Will+ Slay+3 SInv}
rElec   .          Harm     .    j - +2 cloak of Ykopos {rC++ Str+2 Stlth-}
rCorr   .          Rampage  .    U - +2 pair of gloves "Zagaugh" {rF+}
Will    +++..                    r - +2 pair of boots
Stlth   ++++......               f - amulet of the acrobat
HPRegen 0.43/turn                F - +6 ring of dexterity
MPRegen 0.19/turn                B - +6 ring of dexterity

@: no status effects
A: high MP 1, forlorn, divine attributes
a: no special abilities


You were on level 5 of the Lair of Beasts.
You visited 3 branches of the dungeon, and saw 22 of its levels.
You also visited: Bailey, Gauntlet and Ice Cave.

You collected 3805 gold pieces.
You spent 1135 gold pieces at shops.


Innate Abilities, Weirdness & Mutations

You have an increased reservoir of magic. (+10% MP)
You shall have no god before yourself.
Your divine heritage dramatically boosts your attributes as you level up.


   Skills:
 - Level 15.0 Fighting
 + Level 14.8 Ranged Weapons
 - Level 15.0 Dodging
 - Level 4.0 Spellcasting
 + Level 6.2 Hexes
 + Level 6.1 Translocations
 - Level 5.0 Evocations


You had 14 spell levels left.
You knew the following spells:

 Your Spells              Type           Power      Damage    Failure   Level
e - Apportation           Tloc           54%        N/A       1%          1
s - Swiftness             Air            3%         N/A       38%         3
x - Portal Projectile     Hex/Tloc       54%        N/A       3%          3
z - Slow                  Hex            100%       N/A       1%          1

Your spell library contained the following spells:

 Spells                   Type           Power      Damage    Failure   Level
 Cause Fear               Hex            13%        N/A       11%         4
 Manifold Assault         Tloc           27%        N/A       11%         4
 Inner Flame              Hex/Fire       15%        N/A       12%         3
 Shock                    Conj/Air       12%        1d3       14%         1
 Leda's Liquefaction      Hex/Erth       7%         N/A       36%         4
 Hailstorm                Conj/Ice       3%         3d3       38%         3
 Airstrike                Air            1%         2d(1-17)  80%         4
 Ice Form                 Ice/Tmut       3%         N/A       80%         4
 Alistair's Intoxication  Tmut/Pois      2%         N/A       98%         5
 Lee's Rapid Deconstruct  Erth           1%         3d4*      98%         5
 Simulacrum               Ice/Necr       1%         N/A       100%        6
 Statue Form              Tmut/Erth      2%         N/A       100%        6
 Lehudib's Crystal Spear  Conj/Erth      1%         10d2      100%        8

Inventory:

Hand Weapons
 a - the +8 sling "Dezuzi" (weapon) {vorpal, *Slow Int+4 Dex+6 Stlth+} Any ammunition fired from it inflicts extra damage upon your enemies. Int: It affects your intelligence (+4). Dex: It affects your dexterity (+6). *Slow: It may slow you when you take damage. Stlth: It makes you more stealthy.
 b - a +0 longbow
Missiles
 z - 11 curare-tipped darts {=f}
Armour
 j - the +2 cloak of Ykopos (worn) {rC++ Str+2 Stlth-}

   Str:       It affects your strength (+2).
   rC:        It greatly protects you from cold.
   Stlth:     It makes you less stealthy.
 r - a +2 pair of boots (worn)
 N - a +2 robe of willpower (worn)
 U - the +2 pair of gloves "Zagaugh" (worn) {rF+} rF: It protects you from fire.
 Y - the +0 mask of the Dragon (worn) {Will+ Slay+3 SInv}

   Slay:      It affects your accuracy & damage with ranged weapons and melee
   (+3).
   SInv:      It lets you see invisible.
   Will:      It increases your willpower.
Jewellery
 f - an amulet of the acrobat (around neck)
 o - the ring of Tuaqedgh {Fly rPois rN++ Str-2 Int+6}

   [ring of intelligence]

   Str:       It affects your strength (-2).
   Int:       It affects your intelligence (+6).
   rPois:     It protects you from poison.
   rN:        It greatly protects you from negative energy.
   Fly:       It grants you flight.
 t - a ring of willpower
 B - a +6 ring of dexterity (right hand)
 F - a +6 ring of dexterity (left hand)
 P - an amulet of regeneration
Wands
 s - a wand of iceblast (29)
 y - a wand of quicksilver (23)
 C - a wand of mindburst (7)
 E - a wand of polymorph (13)
 O - a wand of paralysis (6)
 T - a wand of digging (9)
Scrolls
 e - 3 scrolls of enchant armour
 g - 8 scrolls of immolation {!r}
 h - a scroll of brand weapon
 k - 2 scrolls of vulnerability {!r}
 m - 8 scrolls of teleportation {@r4}
 n - 6 scrolls of magic mapping
 q - 7 scrolls of noise {!r}
 u - a scroll of silence {!r}
 A - 8 scrolls of enchant weapon
 G - 7 scrolls of poison {!r}
 I - 3 scrolls of butterflies
 J - 4 scrolls of blinking
 K - 2 scrolls of summoning
 V - 3 scrolls of torment {!r}
 Z - 2 scrolls of fear
Potions
 d - 6 potions of flight
 i - 3 potions of invisibility
 l - a potion of berserk rage {unknown}
 v - 3 potions of brilliance {unknown}
 w - 5 potions of magic
 x - 3 potions of haste {@q3}
 H - a potion of might {unknown}
 L - 4 potions of heal wounds {@q2}
 M - 6 potions of curing {@q1}
 Q - 5 potions of ambrosia
 R - 3 potions of mutation {unknown}
 S - 3 potions of degeneration {unknown}
 W - a potion of cancellation {unknown}
Miscellaneous
 D - a lightning rod (4/4)
 X - a phial of floods

Dungeon Overview and Level Annotations

Branches:
Dungeon (15/15)            Temple (0/1) D:6            Lair (5/5) D:11
 Shoals (0/4) Lair:3       Spider (0/4) Lair:3        Slime (0/5) Lair:4
    Orc (2/2) D:11            Elf (0/3) Orc:2        Vaults (0/5) D:14
 Depths (0/4) D:15         Bailey (visited)           IceCv (visited)
Gauntlet (visited)

Shops:
D:2 [?(=:   D:5 (   D:8 (   D:12 (   D:15 *![   Orc:2 *=([

Annotations:
D:15 2 runed translucent doors, Haldmier's ghost, adept DrTm

[........▒▒.....▒▒▒▒.............
.........▒....▒▒▒▒.▒.............
▒...(...▒▒....▒≈▒▒.▒▒............
▒..▒...)▒°☼.....▒...▒............
▒......©▒°☼▒▒._....©▒©...........
▒▒......▒..▒≈yi)▒▒..▒............
▒▒......▒▒.▒▒▒.▒≈▒.▒▒............
.........▒▒..ii▒▒▒▒▒............▒
.........▒▒....▒p▒▒▒.........P..▒
..........▒▒▒.i)▒▒▒...........▒..
......P.....▒▒▒▒▒.............▒..
....................▒..▒....P▒▒▒▒
..._...▒...........▒▒▒▒.▒.P▒▒▒▒▒▒
........)........▒▒▒ ▒▒▒▒▒▒▒▒..▒
.............▒▒.▒▒ ▒....
▒.▒▒.▒▒▒▒..▒▒▒▒▒▒ ▒.... ▒▒▒▒▒▒
▒..▒ ▒▒...


You could see a spriggan rider (berserk, reflecting).


Message History

The spriggan rider closely misses you.
You shoot a sling bullet.
The sling bullet barely misses the spriggan rider.
The spriggan rider completely misses you.
You shoot a sling bullet.
The spriggan rider reflects the sling bullet off an invisible shield around it!
The sling bullet barely misses you.
The spriggan rider completely misses you.
You shoot a sling bullet.
The spriggan rider reflects the sling bullet off an invisible shield around it!
The sling bullet misses you.
The spriggan rider completely misses you.
You shoot a sling bullet.
The spriggan rider reflects the sling bullet off an invisible shield around it!
The sling bullet misses you. The spriggan rider barely misses you.
You shoot a sling bullet.
The sling bullet hits the spriggan rider.
The spriggan rider is lightly wounded.
The spriggan rider completely misses you.
You shoot a sling bullet.
The spriggan rider reflects the sling bullet off an invisible shield around it!
The sling bullet hits you.
* * * LOW HITPOINT WARNING * * *
* * * LOW HITPOINT WARNING * * *
The spriggan rider misses you.
You shoot a sling bullet.
The sling bullet barely misses the spriggan rider.
The spriggan rider hits you from afar with a +1 vorpal trident!
You die...

Action                   |  1- 3 |  4- 6 |  7- 9 | 10-12 | 13-15 || total
-------------------------+-------+-------+-------+-------+-------++-------
 Fire: Sling             |   134 |   255 |   479 |   809 |  1876 ||  3553
 Cast: Slow              |       |       |     3 |       |       ||     3
       Portal Projectile |       |       |       |       |     3 ||     3
Evoke: Wand              |       |       |     2 |     1 |     5 ||     8
  Use: Scroll            |       |       |     6 |     9 |     8 ||    23
       Potion            |       |       |       |       |     3 ||     3
Armor: Robe              |    17 |       |       |    35 |    71 ||   123
       Animal skin       |     1 |    65 |    60 |     2 |       ||   128
Dodge: Dodged            |    47 |    77 |   176 |   342 |  1072 ||  1714

Levels and vault maps discovered:
D:1:      lemuel_arrival_river_ford, layout_basic,
          dreamdust_ecumenical_altar_hidden_monk_grotto
D:2:      layout_basic, serial_shops, nicolae_shop_behind_doors,
          nicolae_shop_statue_plus, nicolae_shop_statue_plus, shop_fountains,
          shop, grunt_decor_one_mirror, minmay_indecisive_spiral, uniq_robin
D:3:      cheibrodos_helix_gallery, layout_loops_ring,
          nicolae_yredelemnul_corpse_copse
D:4:      layout_basic, mainiacjoe_overflow_alcove_2,
          mainiacjoe_overflow_24_doors, mainiacjoe_overflow_alcove_3
D:5:      layout_loops_corners, fiery_altar_vehumet, serial_shops,
          nicolae_shop_behind_doors, hangedman_glass_teeth, goddamned_bats
D:6:      layout_cave_pods, mainiacjoe_overflow_alcove_1,
          minmay_temple_entry_drinking_statues, uniq_duvessa
D:7:      layout_basic, minivault_14
D:8:      layout_rooms, mainiacjoe_overflow_six_doors_small, serial_shops, shop,
          enter_bailey_2
D:9:      layout_basic, kennysheep_mini, nicolae_elevator_lobby_plus, uniq_grum,
          uniq_gastronok, uniq_erolcha
D:10:     layout_roguey, kennysheep_mini_moat, uniq_fannar
D:11:     layout_roguey, lair_entry_dummy, orc_david_3,
          hellmonk_ghost_happy_afterlife
D:12:     layout_basic, serial_shops, nicolae_shop_overgrown_old_shop,
          portal_ice_cave_entry_pillars_1, minmay_radiant
D:13:     layout_basic, gammafunk_ghost_stat_death
D:14:     layout_small_grid, hangedman_vaults_entry_quadrant_bands,
          ashenzari_altar_1, grunt_decor_clamped
D:15:     gammafunk_enter_depths_forms, layout_layer_cave,
          gauntlet_entry_generic, ebering_ghost_disaster_area,
          hangedman_abyss_or_decor_clamps, serial_shops,
          nicolae_shop_advertising_works [nicolae_subvault_shop_adworks],
          nicolae_shop_hallway_plus, nicolae_diamond_shop,
          dancing_weapons_uskayaw
Lair:1:   layout_chaotic_city, beast_lair_carwin_2, grunt_megastairs_1
Lair:2:   layout_cave_pods, gammafunk_ghost_hive, kennysheep_abandoned_house,
          lemuel_fruit_fields, serial_bayou_shore_b
Lair:3:   layout_chaotic_city, minmay_shoals_entry_centaurs,
          nicolae_spider_entry_tight_spaces, gammafunk_ghost_hydra_chop,
          grunt_megastairs_2, lemuel_fruit_fields, lemuel_fruit_tree
Lair:4:   layout_misc_corridors, slime_entry_1, minivault_26,
          grunt_megastairs_3, serial_bayou_shore_a
Lair:5:   wormcave, layout_misc_corridors, hangedman_lair_caniforms_friends,
          basic_altar, gammafunk_ghost_wrathful_warriors, serial_bayou_shore_b
Orc:1:    layout_diamond_mine, ebering_ghost_rock_garden, mines2_david
Orc:2:    grunt_orc_cross, layout_diamond_mine, nicolae_orc_sculptors_studio,
          okawaru_metal_pillars_3

Notes
Turn   | Place    | Note
-------+----------+-------------------------------------------
     0 | D:1      | sanka the Demigod Hexslinger began the quest for the Orb.
     0 | D:1      | Reached XP level 1. HP: 15/15 MP: 4/4
    32 | D:1      | Reached skill level 2 in Ranged Weapons
   149 | D:1      | Reached XP level 2. HP: 5/22 MP: 5/5
   276 | D:1      | Reached skill level 3 in Ranged Weapons
   728 | D:2      | Found Keilyrch's Magic Scroll Boutique.
   753 | D:2      | Found Yful's Armour Emporium.
   821 | D:2      | Reached XP level 3. HP: 27/27 MP: 6/6
   911 | D:2      | Noticed Robin
  1155 | D:2      | Killed Robin
  1211 | D:2      | Found Paifown's Weapon Shop.
  1241 | D:2      | Found Mumec's Book Boutique.
  1241 | D:2      | Found Caso's Jewellery Shop.
  1298 | D:2      | Noticed an ogre
  1308 | D:2      | Killed an ogre
  1309 | D:2      | Reached skill level 4 in Ranged Weapons
  1309 | D:2      | Reached XP level 4. HP: 22/34 MP: 8/8
  1526 | D:2      | Reached skill level 5 in Ranged Weapons
  1526 | D:2      | Reached XP level 5. HP: 39/39 MP: 9/9
  2523 | D:3      | Reached skill level 6 in Ranged Weapons
  2698 | D:4      | Noticed an ogre
  2724 | D:4      | Reached XP level 6. HP: 46/46 MP: 10/10
  3080 | D:4      | Reached skill level 7 in Ranged Weapons
  3192 | D:4      | Reached XP level 7. HP: 46/51 MP: 11/11
  3837 | D:4      | Reached skill level 8 in Ranged Weapons
  4104 | D:5      | Entered Level 5 of the Dungeon
  4772 | D:5      | Reached skill level 9 in Ranged Weapons
  4777 | D:5      | Reached XP level 8. HP: 31/58 MP: 12/12
  4955 | D:5      | Found Zepyekui's Weapon Shoppe.
  5522 | D:5      | Reached skill level 10 in Ranged Weapons
  5933 | D:6      | Identified the +8 sling "Dezuzi" {vorpal, *Slow Int+4 Dex+6
                  | Stlth+}
  6131 | D:6      | Reached skill level 1 in Fighting
  6131 | D:6      | Reached skill level 2 in Dodging
  6274 | D:6      | Noticed Duvessa
  6274 | D:6      | Noticed Dowan
  6280 | D:6      | Killed Duvessa
  6281 | D:6      | Reached skill level 2 in Fighting
  6289 | D:6      | Killed Dowan
  6562 | D:6      | Found a staircase to the Ecumenical Temple.
  6611 | D:7      | Reached skill level 3 in Dodging
  6632 | D:7      | Identified the +1 chain mail "Wamer" {+Inv rF++ rCorr
                  | Str-2}
  6727 | D:7      | Reached XP level 9. HP: 61/68 MP: 13/13
  6728 | D:7      | Reached skill level 3 in Fighting
  6845 | D:7      | Paralysed by a hornet for 2 turns
  6937 | D:7      | Reached skill level 4 in Dodging
  7016 | D:7      | Reached skill level 4 in Fighting
  7016 | D:7      | Reached skill level 11 in Ranged Weapons
  7578 | D:8      | Found a flagged portal.
  7622 | D:8      | Reached skill level 5 in Dodging
  7635 | Bailey   | Entered a bailey
  7699 | Bailey   | Reached skill level 5 in Fighting
  7723 | Bailey   | Reached skill level 1 in Evocations
  7806 | Bailey   | Noticed an orc high priest
  7808 | Bailey   | Noticed a rust devil
  7808 | Bailey   | Noticed an orange demon
  7813 | Bailey   | Noticed a sixfirhy
  7813 | Bailey   | Killed an orc high priest
  7814 | Bailey   | Reached skill level 3 in Evocations
  7814 | Bailey   | Reached XP level 10. HP: 65/81 MP: 14/14
  7951 | Bailey   | Reached skill level 4 in Evocations
  8113 | Bailey   | Noticed an orc high priest
  8218 | Bailey   | Noticed a sixfirhy
  8220 | Bailey   | Killed an orc high priest
  8221 | Bailey   | Reached skill level 5 in Evocations
  8596 | D:8      | Acquired 766 gold pieces
  8722 | D:2      | Bought the +2 cloak of Ykopos {rC++ Str+2 Stlth-} for 501
                  | gold pieces
  8764 | D:2      | Bought a +6 ring of dexterity for 396 gold pieces
  8796 | D:2      | Bought a scroll of blinking for 105 gold pieces
  8796 | D:2      | Bought a scroll of summoning for 133 gold pieces
  9056 | D:8      | Noticed a two-headed ogre
  9062 | D:8      | Killed a two-headed ogre
  9063 | D:8      | Reached skill level 6 in Dodging
  9147 | D:8      | Noticed a two-headed ogre
  9152 | D:8      | Killed a two-headed ogre
  9153 | D:8      | Reached skill level 6 in Fighting
  9224 | D:8      | Found Wippolih's Antique Weapon Shoppe.
  9477 | D:9      | Noticed Erolcha
  9495 | D:9      | Killed Erolcha
  9496 | D:9      | Reached skill level 12 in Ranged Weapons
  9543 | D:9      | Noticed a two-headed ogre
  9550 | D:9      | Killed a two-headed ogre
  9649 | D:9      | Noticed Gastronok
  9667 | D:9      | Killed Gastronok
  9668 | D:9      | Reached skill level 7 in Dodging
  9668 | D:9      | Reached XP level 11. HP: 69/91 MP: 15/15
  9781 | D:9      | Reached skill level 7 in Fighting
 10001 | D:9      | Noticed Grum
 10008 | D:9      | Killed Grum
 10398 | D:10     | Entered Level 10 of the Dungeon
 10408 | D:9      | Noticed a sun demon
 10471 | D:10     | Noticed Fannar
 10491 | D:10     | Killed Fannar
 10775 | D:10     | Reached skill level 8 in Dodging
 10829 | D:10     | Identified +0 acid dragon scales
 11138 | D:10     | Reached skill level 8 in Fighting
 11500 | D:11     | Found a staircase to the Orcish Mines.
 11544 | D:11     | Found a staircase to the Lair.
 11764 | D:11     | Noticed Iqeacaf's ghost (journeyman DrCA)
 11765 | D:11     | Found a runed translucent door.
 11790 | D:11     | Reached skill level 13 in Ranged Weapons
 12170 | Lair:1   | Entered Level 1 of the Lair of Beasts
 12417 | Lair:1   | Reached skill level 9 in Dodging
 12417 | Lair:1   | Reached XP level 12. HP: 103/103 MP: 16/16
 12987 | Lair:2   | Reached skill level 9 in Fighting
 13125 | Lair:2   | Found a transporter.
 13130 | Lair:2   | Found a transporter.
 13130 | Lair:2   | Noticed Stoves66's ghost (journeyman MiFi)
 13299 | Lair:2   | Identified the +2 pair of gloves "Zagaugh" {rF+}
 13945 | Lair:3   | Found a staircase to the Shoals.
 14101 | Lair:3   | Found a runed translucent gate.
 14102 | Lair:3   | Found a runed translucent gate.
 14102 | Lair:3   | Found a runed translucent gate.
 14103 | Lair:3   | Noticed a ten-headed hydra
 14103 | Lair:3   | Noticed a 13-headed hydra
 14104 | Lair:3   | Noticed Duxattebb's ghost (journeyman MiFi)
 14192 | Lair:3   | Reached skill level 10 in Dodging
 14210 | Lair:3   | Reached skill level 14 in Ranged Weapons
 14304 | Lair:3   | Reached skill level 10 in Fighting
 14434 | Lair:3   | Found a hole to the Spider Nest.
 14991 | Lair:4   | Noticed a four-headed hydra
 15095 | Lair:4   | Noticed a four-headed hydra
 15100 | Lair:4   | Killed a four-headed hydra
 15105 | Lair:4   | Killed a four-headed hydra
 15110 | Lair:4   | Reached XP level 13. HP: 109/115 MP: 17/17
 15155 | Lair:4   | Reached skill level 11 in Dodging
 15298 | Lair:4   | Found a staircase to the Slime Pits.
 15424 | Lair:4   | Reached skill level 11 in Fighting
 15744 | Lair:5   | Entered Level 5 of the Lair of Beasts
 16271 | Lair:5   | Reached skill level 12 in Dodging
 16284 | Lair:5   | Reached skill level 12 in Fighting
 16390 | Lair:5   | Found a transporter.
 16397 | Lair:5   | Found a transporter.
 16692 | Lair:5   | Found the +0 mask of the Dragon {Will+ Slay+3 SInv}
 17036 | Lair:5   | Noticed sastreii's ghost (journeyman DrFE)
 17065 | Lair:5   | Found a runed translucent door.
 17096 | Lair:5   | Reached skill level 13 in Dodging
 17133 | Lair:5   | Reached skill level 13 in Fighting
 17142 | Lair:5   | Reached XP level 14. HP: 129/129 MP: 19/19
 17433 | Lair:5   | Identified +0 fire dragon scales
 17734 | Orc:1    | Entered Level 1 of the Orcish Mines
 17979 | Orc:1    | Noticed an orc warlord
 18001 | Orc:1    | Killed an orc warlord
 18274 | D:11     | Killed Iqeacaf's ghost
 18685 | Orc:1    | Found a runed translucent gate.
 18685 | Orc:1    | Found a runed translucent gate.
 18685 | Orc:1    | Found a runed translucent gate.
 18691 | Orc:1    | Noticed nabbywabby's ghost (journeyman VSEn)
 18846 | Orc:1    | Killed nabbywabby's ghost
 18889 | Orc:2    | Entered Level 2 of the Orcish Mines
 18914 | Orc:2    | Noticed Saint Roka
 19478 | Orc:1    | Killed Saint Roka
 19479 | Orc:1    | Reached skill level 14 in Dodging
 19651 | Orc:2    | Reached skill level 14 in Fighting
 19940 | Orc:2    | Found Nenogg's General Store.
 19965 | Orc:2    | Found a staircase to the Elven Halls.
 20107 | Orc:2    | Found Waf Coom's Antique Armour Shop.
 20296 | Orc:2    | Found Piuppuq's Jewellery Shop.
 20310 | Orc:2    | Found Giruz's Antique Weapon Shop.
 20605 | D:12     | Found a frozen archway.
 20618 | IceCv    | Entered an ice cave
 20712 | IceCv    | Learned a level 1 spell: Apportation
 20716 | IceCv    | Learned a level 3 spell: Portal Projectile
 20720 | IceCv    | Learned a level 3 spell: Swiftness
 20810 | IceCv    | Noticed an azure jelly
 20822 | IceCv    | Killed an azure jelly
 20912 | IceCv    | Got the ring of Mistrust {Ice Int+3}
 21100 | IceCv    | Identified the +4 ice dragon scales "Cumy" {rF- rC++ Will+
                  | Int+2}
 21186 | D:12     | Found Xaashrue's Antique Weapon Shoppe.
 21334 | D:12     | Found the +8 Wrath of Trog {antimagic, *Rage Rampage}
 21440 | D:12     | Identified the ring of Tuaqedgh {Fly rPois rN++ Str-2
                  | Int+6}
 21460 | D:12     | Identified +0 acid dragon scales
 22061 | D:13     | Found a transporter.
 22080 | D:13     | Noticed Moudgh's ghost (journeyman HuWn)
 22229 | D:13     | Reached skill level 3 in Hexes
 22232 | D:13     | Found a transporter.
 22250 | D:13     | Reached skill level 1 in Translocations
 22392 | D:13     | Reached XP level 15. HP: 134/139 MP: 19/21
 22850 | D:13     | Killed Moudgh's ghost
 23035 | D:13     | Identified the +6 chain mail "Fommic" {rElec}
 23170 | D:14     | Reached skill level 2 in Spellcasting
 23176 | D:14     | Reached skill level 15 in Dodging
 23185 | D:14     | Reached skill level 2 in Translocations
 23215 | D:14     | Reached skill level 15 in Fighting
 23300 | D:14     | Reached skill level 4 in Hexes
 23452 | D:14     | Reached skill level 3 in Spellcasting
 23452 | D:14     | Reached skill level 3 in Translocations
 23678 | D:14     | Found a gate to the Vaults.
 24243 | D:15     | Entered Level 15 of the Dungeon
 24386 | D:15     | Reached skill level 4 in Translocations
 24388 | D:15     | Reached skill level 5 in Hexes
 24395 | D:15     | Reached skill level 4 in Spellcasting
 24490 | D:15     | Found a gate leading to a gauntlet.
 24511 | Gauntlet | Entered a Gauntlet
 24511 | Gauntlet | Found a transporter.
 24511 | Gauntlet | Found a transporter.
 24517 | Gauntlet | Found a transporter.
 24529 | Gauntlet | Found a transporter.
 24547 | Gauntlet | Found a transporter.
 24547 | Gauntlet | Found a transporter.
 24547 | Gauntlet | Found a transporter.
 24549 | Gauntlet | Found a transporter.
 24549 | Gauntlet | Found a transporter.
 24561 | Gauntlet | Found a runed translucent door.
 24564 | Gauntlet | Found a transporter.
 24578 | Gauntlet | Found a transporter.
 24588 | Gauntlet | Found a transporter.
 24592 | Gauntlet | Found a transporter.
 24632 | Gauntlet | Found a transporter.
 24751 | Gauntlet | Reached skill level 5 in Translocations
 24860 | Gauntlet | Identified +0 ice dragon scales
 24895 | Gauntlet | Identified a +2 crystal plate armour
 24903 | Gauntlet | Identified the ring "Murghea" {rF+ rCorr Str+4 Slay+2}
 25045 | D:15     | Got the Essays on the Flinty Jaunt
 25219 | D:15     | Found Akhlelok's Antique Armour Emporium.
 25255 | D:15     | Found Lumpak's General Store.
 25427 | D:15     | Found Funes's Distillery.
 25567 | D:15     | Found a staircase to the Depths.
 26096 | D:15     | Found a large runed translucent door.
 26097 | D:15     | Found a large runed translucent door.
 26100 | D:15     | Noticed Haldmier's ghost (adept DrTm)
 26439 | Lair:2   | Killed Stoves66's ghost
 26642 | Lair:3   | Killed Duxattebb's ghost
 26646 | Lair:3   | Reached skill level 6 in Hexes
 26655 | Lair:3   | Identified a scarf of resistance
 26756 | Lair:5   | HP: 8/141 [spriggan rider/+1 vorpal trident (25)]
 27099 | Lair:5   | Reached skill level 6 in Translocations
 27472 | Lair:5   | Killed sastreii's ghost
 27490 | Lair:5   | HP: 11/141 [suicidal targeting (6)]
 27491 | Lair:5   | Slain by a spriggan rider

Vanquished Creatures
  Saint Roka (Orc:1)
  Gastronok (D:9)
  An azure jelly (IceCv)
  The ghost of Stoves66 the Warrior, a journeyman MiFi of Gozag (Lair:2)
  A very ugly thing (D:15)
  The ghost of sastreii the Thaumaturge, a journeyman DrFE of Sif Muna (Lair:5)
  2 quicksilver oozes (IceCv)
  An orc warlord (Orc:1)
  The ghost of nabbywabby the Covert, a journeyman VSEn of Dithmenos (Orc:1)
  The ghost of Duxattebb the Spear-Bearer, a journeyman MiFi of Dithmenos (Lair:3)
  A minotaur (Gauntlet)
  The ghost of Moudgh the Fencer, a journeyman HuWn of Gozag (D:13)
  A fire dragon (Lair:5)
  An ettin (Orc:2)
  The ghost of Iqeacaf the Arsonist, a journeyman DrCA of Ignis (D:11)
  Fannar (D:10)
  6 hydras
  A rakshasa (D:15)
  Erolcha (D:9)
  An ogre mage (D:15)
  An anaconda (Lair:5)
  8 death yaks
  4 centaur warriors
  3 boulder beetles
  9 two-headed ogres
  3 orc high priests
  A fire crab (shapeshifter) (D:15)
  A skeletal warrior (D:14)
  A glowing orange brain (D:15)
  2 deep elf archers
  2 lindwurms (Lair:5)
  6 orc knights
  4 deep elf pyromancers
  A deep elf zephyrmancer (D:14)
  2 oklob plants
  5 orc sorcerers
  8 ugly things
  A wolf spider (D:14)
  3 manticores
  3 cyclopes
  2 moths of wrath (Lair:5)
  6 black mambas
  5 elephants (Lair:3)
  4 centaur skeletons (D:14)
  3 ice statues (IceCv)
  7 torpor snails
  A cane toad (shapeshifter) (D:14)
  A gargoyle (D:11)
  10 cane toads
  2 minotaur zombies (Gauntlet)
  4 yaktaurs (D:15)
  5 komodo dragons
  7 kobold demonologists
  5 rime drakes
  A rime drake (shapeshifter) (D:15)
  A freezing wraith (D:14)
  3 meliai (D:14)
  A komodo dragon (shapeshifter) (D:15)
  A queen bee (Lair:2)
  9 trolls
  11 polar bears
  3 tyrant leeches (Lair:5)
  12 hornets
  27 slime creatures
  8 dream sheep
  2 raiju (Lair:5)
  20 blink frogs
  4 shadows (Gauntlet)
  2 centaur simulacra (D:14)
  5 wyverns
  5 spriggans (Lair:5)
  A jumping spider (Lair:3)
  2 culicivoras (Lair:3)
  2 water elementals (D:13)
  47 yaks
  Grum (D:9)
  2 basilisks
  2 neqoxecs (D:13)
  2 redbacks (Lair:3)
  7 vampire mosquitoes
  7 wargs
  11 water moccasins
  Duvessa (D:6)
  4 acid dragons
  15 hell hounds (Lair:5)
  45 orc warriors
  An ice beast (D:7)
  12 black bears
  5 great orb of eyes simulacra (IceCv)
  3 sky beasts (D:7)
  15 ogres
  4 boggarts
  20 wolves
  12 centaurs
  5 slime creature simulacra (IceCv)
  12 bullfrogs
  8 kobold brigands
  2 scorpions
  5 necrophages
  3 gnoll sergeants
  10 wights
  4 glowing shapeshifter simulacra (IceCv)
  Dowan (D:6)
  20 killer bees
  14 electric eels
  A vampire bat (D:5)
  6 howler monkeys
  3 quasits (D:13)
  A gnoll bouda (D:4)
  12 orc priests
  2 jellies
  3 iguanas (D:6)
  2 hell rats (Lair:2)
  28 orc wizards
  A shapeshifter simulacrum (IceCv)
  Robin (D:2)
  28 gnolls
  6 adders
  7 river rats (Lair:2)
  A white imp (D:7)
  An ufetubus (D:4)
  3 adder zombies (D:3)
  A worm (D:5)
  3 dart slugs
  3 fire bats (D:5)
  79 orcs
  2 spectral bats (D:5)
  12 bats
  3 bat skeletons (D:5)
  A bat zombie (D:5)
  11 endoplasms
  3 giant cockroaches
  19 goblins
  12 hobgoblins
  20 kobolds
  5 quokkas
  5 ball pythons
  A bat simulacrum (D:5)
  4 frilled lizards
  12 rats
  A butterfly (Lair:2)
879 creatures vanquished.

Vanquished Creatures (others)
  A spriggan (Lair:5)
  A vampire (D:11)
  An orc priest (Orc:2)
  An orc (Orc:1)
  21 fungi
  60 plants
85 creatures vanquished.

Grand Total: 964 creatures vanquished
